 Dungeon Crawl Stone Soup version 0.25-a0-356-g7c9d860b3b (webtiles) character file.

Game seed: 4204300058161909494, levelgen mode: deterministic

208 Inarius the Charlatan (level 5, 0/38 HPs)
             Began as a Demonspawn Artificer on Jan 3, 2020.
             Slain by a scorpion (8 damage)
             ... on level 4 of the Dungeon.
             The game lasted 00:04:23 (3494 turns).

Inarius the Charlatan (Demonspawn Artificer)        Turns: 3494, Time: 00:04:23

Health: 0/38       AC:  4    Str: 12    XL:     5   Next: 55%
Magic:  0/7        EV: 12    Int: 13    God:
Gold:   130        SH:  0    Dex: 14    Spells: 4/4 levels left

rFire    . . .     SeeInvis .   a - +0 short sword
rCold    + . .     Gourm    .   (no shield)
rNeg     . . .     Faith    .   b - +1 leather armour
rPois    .         Spirit   +   (no helmet)
rElec    .         Reflect  .   (no cloak)
rCorr    .         Harm     .   (no gloves)
MR       .....                  (no boots)
Stlth    ++++......             i - amulet of guardian spirit
HPRegen  0.12/turn              t - ring of stealth
MPRegen  0.10/turn              m - ring of protection from cold

@: no status effects
A: nightstalker 1
a: no special abilities


You were on level 4 of the Dungeon.
You were not hungry.

You visited 1 branch of the dungeon, and saw 4 of its levels.

You collected 130 gold pieces.

Inventory:

Hand Weapons
 a - a +0 short sword (weapon)
Armour
 b - a +1 leather armour (worn)
 h - a +0 chain mail
 o - a cursed +0 scale mail
Jewellery
 i - an amulet of guardian spirit (around neck)
 m - a ring of protection from cold (right hand)
 p - an uncursed ring of protection from cold
 t - a ring of stealth (left hand)
Wands
 c - a wand of flame (9)
 d - a wand of enslavement (14)
 e - a wand of random effects (15)
 g - a wand of paralysis (7)
Scrolls
 k - 2 scrolls of noise {unknown}
 s - a scroll of enchant armour
 u - 2 scrolls of immolation {unknown}
 v - a scroll of teleportation {unknown}
Potions
 j - 2 potions of curing
 l - 2 potions of flight {unknown}
 n - 3 potions of invisibility {unknown}
 q - a potion of berserk rage {unknown}
 r - a potion of magic {unknown}
 w - a potion of heal wounds {unknown}
 x - a potion of haste
Comestibles
 f - 6 rations


   Skills:
 + Level 2.0 Fighting
 * Level 2.5 Short Blades
 + Level 1.7 Armour
 + Level 2.4 Dodging
 + Level 2.3 Stealth
 + Level 3.7 Evocations


You had 4 spell levels left.
You didn't know any spells.
Your spell library was empty.

Dungeon Overview and Level Annotations

Branches:
Dungeon (4/15)
 Temple: D:4-7

Altars:
Elyvilon
Fedhas
Gozag


Innate Abilities, Weirdness & Mutations

You are slightly more attuned to the shadows.


Message History

You are too injured to fight recklessly!
You are too injured to fight recklessly!
You are too injured to fight recklessly!
You are too injured to fight recklessly!
You are too injured to fight recklessly!
You are too injured to fight recklessly!
You are too injured to fight recklessly!
You are too injured to fight recklessly!
You are too injured to fight recklessly!
You are too injured to fight recklessly!
You feel sick. The scorpion stings you!
* * * LOW HITPOINT WARNING * * *
You are lethally poisoned!
The scorpion poisons you!
The leopard gecko skeleton bites you but does no damage.
* * * LOW HITPOINT WARNING * * *
You feel sick. The scorpion stings you!
* * * LOW HITPOINT WARNING * * *
It was a potion of curing.
You feel better. The scorpion stings you!
You die...

.....# _. ...(.# ..
#!##.# .. #.##Z# ..
##.##.# ### .#
#####..##.#### #..#.#
#....sZ......#####...#
#.###@###.......###.##
#.# ####.##.# #.# #.#
#.##.# #.# #.# #.##.#
#.# #.######.##.# #.#
#........##.# #.#
...####...#.###.##
...............
####.....####.#


You could see a scorpion and a leopard gecko skeleton.

Vanquished Creatures
  An ogre (D:3)
  2 adders
  4 oozes
  A worm (D:3)
  4 dart slugs
  3 leopard geckos
  2 orcs (D:3)
  3 giant cockroaches
  6 goblins
  9 hobgoblins
  4 jackals (D:3)
  9 kobolds
  2 quokkas
  10 bats
  9 frilled lizards
  7 rats
76 creatures vanquished.

Vanquished Creatures (collateral kills)
  A quokka (D:2)
1 creature vanquished.

Vanquished Creatures (others)
  An adder (D:2)
1 creature vanquished.

Grand Total: 78 creatures vanquished

Notes
Turn   | Place    | Note
-------+----------+-------------------------------------------
     0 | D:1      | Inarius the Demonspawn Artificer began the quest for the
                  | Orb.
     0 | D:1      | Reached XP level 1. HP: 15/15 MP: 3/3
    45 | D:1      | Reached skill level 1 in Short Blades
   158 | D:1      | Gained mutation: You are slightly more attuned to the
                  | shadows. [demonic ancestry]
   158 | D:1      | Reached XP level 2. HP: 19/21 MP: 4/4
   776 | D:1      | Reached XP level 3. HP: 26/26 MP: 5/5
   783 | D:1      | Reached skill level 1 in Stealth
  1632 | D:2      | Reached XP level 4. HP: 32/33 MP: 6/6
  1758 | D:2      | Reached skill level 1 in Armour
  2427 | D:3      | Noticed an ogre
  2454 | D:3      | Killed an ogre
  2454 | D:3      | Reached XP level 5. HP: 10/38 MP: 2/7
  3396 | D:3      | Found a white marble altar of Elyvilon.
  3396 | D:3      | Found a blossoming altar of Fedhas.
  3454 | D:4      | Found an opulent altar of Gozag.
  3493 | D:4      | HP: 1/38 [scorpion (6)]
  3494 | D:4      | Slain by a scorpion

Levels and vault maps discovered:
D:1:      shiori_arrival_maze, layout_rooms, minmay_tetromino_i2
D:2:      layout_basic, kennysheep_small_spiral
D:3:      layout_basic, gammafunk_temple_overflow_elements,
          minmay_misc_feat_doors
D:4:      layout_loops_ring, grunt_gozag_statues

Skill      XL: |  1  2  3  4  5 |
---------------+----------------+-----
Dodging        | 2 |  2.4
Short Blades   | 1 2 |  2.5
Stealth        | 1 2 |  2.3
Armour         | 1 |  1.7
Fighting       | 2 |  2.0
Evocations     | |  3.7

Action                   |  1- 3 |  4- 6 || total
-------------------------+-------+-------++-------
Melee: Short sword       |   145 |   122 ||   267
Evoke: Wand              |     5 |     2 ||     7
  Use: Scroll            |     5 |       ||     5
       Potion            |       |     1 ||     1
 Stab: Sleeping          |     8 |    22 ||    30
  Eat: Chunk             |     2 |     6 ||     8
Armor: Chain mail        |     8 |       ||     8
       Leather armour    |    45 |    28 ||    73
Dodge: Dodged            |   107 |    73 ||   180

Table legend:
 A = Non-vault XP
 B = Vault XP
 C = Vault XP percentage of total XP
 D = Non-vault monster count
 E = Vault monster count
 F = Vault count percentage of total count
                 A         B        C        D         E       F
            +---------+---------+-------+---------+---------+-------
      Total |     288 |      10 |   3.4 |      75 |       3 |   3.8
            +---------+---------+-------+---------+---------+-------
        D:1 |      43 |      10 |  18.9 |      25 |       3 |  10.7
        D:2 |      59 |       0 |   0.0 |      23 |       0 |   0.0
        D:3 |     179 |       0 |   0.0 |      26 |       0 |   0.0
        D:4 |       7 |       0 |   0.0 |       1 |       0 |   0.0
            +---------+---------+-------+---------+---------+-------
